 Dungeon Crawl Stone Soup version 0.30.0-5-g1a98f26d00 (webtiles) character file.

Game seed: 9374065326894947299

13735 Pooter the Cleaver (level 11, -23/89 HPs)
             Began as a Minotaur Monk on May 9, 2023.
             Was a High Priest of Hepliaklqana.
             Annihilated by Rupert
             ... wielding a +7 executioner's axe of venom
              (28 damage)
             ... on level 2 of the Orcish Mines on May 10, 2023.
             The game lasted 01:20:39 (12727 turns).

Pooter the Cleaver (Minotaur Monk)                 Turns: 12727, Time: 01:20:39

Health: -23/89     AC: 10    Str: 25    XL:     11   Next: 79%
Magic:  15/15      EV: 12    Int:  7    God:    Hepliaklqana [*****.]
Gold:   287        SH:  0    Dex: 14    Spells: 10/10 levels left

rFire   + . .        a - +4 war axe (elec)
rCold   . . .        (no shield)
rNeg    . . .        k - +2 ring mail {rPois}
rPois   +            (helmet restricted)
rElec   +            C - +0 cloak
rCorr   +            x - +0 pair of gloves
SInv    +            p - +0 pair of boots
Will    .....        l - amulet of magic regeneration
Stlth   +            F - ring "Moelueso" {rElec rF+ rCorr SInv}
HPRegen 0.34/turn    B - +6 ring of strength
MPRegen 0.54/turn

%: no passive effects
@: about to teleport
A: reduced essence, horns 2, retaliatory headbutt
a: Renounce Religion, Recall Ancestor, Ancestor Identity, Transference, Idealise


You were on level 2 of the Orcish Mines.
You worshipped Hepliaklqana.
Hepliaklqana was extremely pleased with you.
You visited 2 branches of the dungeon, and saw 11 of its levels.

You collected 1243 gold pieces.
You spent 956 gold pieces at shops.

Inventory:

Hand Weapons
 a - a +4 war axe of electrocution (weapon)
   (You bought it in a shop on level 2 of the Orcish Mines)
 b - a +0 arbalest
   (You took it off an orc warrior on level 2 of the Orcish Mines)
 I - a +0 trident of flaming
   (You took it off a gnoll sergeant on level 7 of the Dungeon)
 O - a +3 morningstar
   (You took it off a wight on level 8 of the Dungeon)
 U - a +1 war axe of flaming
   (You found it on level 2 of the Dungeon)
 V - a +0 broad axe
   (You took it off an orc knight on level 1 of the Orcish Mines)
 W - a +2 shortbow of flaming
   (You found it on level 6 of the Dungeon)
Missiles
 h - 5 boomerangs
 i - 3 silver boomerangs
 j - 6 javelins
 n - 18 poisoned darts (quivered)
 Q - 102 stones
Armour
 d - an orb of light
 k - a +2 ring mail of poison resistance (worn)
   (You took it off an orc on level 4 of the Dungeon)
 p - a +0 pair of boots (worn)
   (You found it on level 2 of the Dungeon)
 x - a +0 pair of gloves (worn)
   (You found it on level 3 of the Dungeon)
 C - a +0 cloak (worn)
   (You found it on level 5 of the Dungeon)
 E - a +0 plate armour
   (You took it off an orc warrior on level 1 of the Orcish Mines)
 R - a +2 ring mail of fire resistance
   (You found it on level 8 of the Dungeon)
Jewellery
 l - an amulet of magic regeneration (around neck)
   (You took it off a hobgoblin on level 2 of the Dungeon)
 B - a +6 ring of strength (right hand)
   (You found it on level 5 of the Dungeon)
 F - the ring "Moelueso" (left hand) {rElec rF+ rCorr SInv}
   (You bought it in a shop on level 2 of the Orcish Mines)

   [ring of resist corrosion]

   rF:        It protects you from fire.
   rElec:     It insulates you from electricity.
   SInv:      It lets you see invisible.
   rCorr:     It protects you from acid and corrosion.
 K - a +5 ring of evasion
   (You found it on level 8 of the Dungeon)
Wands
 A - a wand of mindburst (4)
   (You found it on level 8 of the Dungeon)
 D - a wand of digging (5)
   (You found it on level 8 of the Dungeon)
Scrolls
 e - 2 scrolls of fear
 f - 2 scrolls of fog
 m - 2 scrolls of blinking
 t - a scroll of teleportation {@r4}
 u - a scroll of noise {!r}
 v - 2 scrolls of amnesia
 w - 2 scrolls of vulnerability {!r}
 y - 2 scrolls of magic mapping
 z - a scroll of immolation {!r}
 J - a scroll of enchant armour {unknown}
Potions
 c - 4 potions of ambrosia
 g - a potion of resistance
 o - a potion of curing {unknown}
 q - 2 potions of might {unknown}
 s - a potion of lignification {unknown}
 H - a potion of berserk rage {unknown}
 L - 2 potions of attraction {unknown}
 M - 2 potions of heal wounds {@q2}
 N - a potion of cancellation {unknown}
 P - 2 potions of flight {unknown}
 T - a potion of degeneration {unknown}


   Skills:
 + Level 10.1 Fighting
 * Level 13.8 Axes
 * Level 11.8 Ranged Weapons
 - Level 3.7 Dodging
 + Level 7.7 Invocations


You had 10 spell levels left.
You didn't know any spells.
Your spell library contained the following spells:

 Spells                   Type           Power      Damage    Failure   Level
 Apportation              Tloc           0%         N/A       58%         1
 Foxfire                  Conj/Fire      0%         2x1d4     58%         1
 Poisonous Vapours        Pois/Air       0%         N/A       73%         2
 Frozen Ramparts          Ice            0%         1d1       91%         3
 Inner Flame              Hex/Fire       0%         N/A       91%         3
 Mephitic Cloud           Conj/Pois/Air  0%         N/A       91%         3
 Flame Wave               Conj/Fire      0%         2d4       100%        4
 Sticky Flame             Conj/Fire      0%         2d3       100%        4
 Alistair's Intoxication  Tmut/Pois      0%         N/A       100%        5
 Freezing Cloud           Conj/Ice/Air   0%         6-21      100%        5
 Ignition                 Fire           0%         3d3       100%        8


Dungeon Overview and Level Annotations

Branches:
Dungeon (9/15)             Temple (0/1) D:7            Lair (0/5) D:8
    Orc (2/2) D:9             Elf (0/3) Orc:2

Altars:
Hepliaklqana
Sif Muna
Uskayaw

Shops:
Orc:2 =(

Annotations:
D:4 3 runed translucent doors, Persephone's ghost, novice GrFi
D:9 2 runed translucent doors, LobsterGuardian's ghost, journeyman OgCA
Orc:2 Rupert


Innate Abilities, Weirdness & Mutations

Your life essence is reduced to manifest your ancestor. (-10% HP)
You have a pair of horns on your head.
You reflexively headbutt those who attack you in melee.


Message History

The orc high priest looks as sick as possible!
You hear the crackle of electricity.
a - a +4 war axe of electrocution (weapon)
Rupert is engulfed in poison gas.
Rupert looks even sicker.
Ahhotep closely misses the orc knight.
As you read the scroll of teleportation {@r4}, it crumbles to dust.
You feel strangely unstable.
The orc high priest is engulfed in poison gas.
The orc high priest looks as sick as possible!
You kill the orc high priest!
The orc knight is engulfed in poison gas.
The orc knight looks even sicker.
The orc warlord is engulfed in poison gas.
The orc warlord looks as sick as possible!
The orc warlord hits you with a +3 dire flail!
Something hits the fungus!!
Rupert is engulfed in poison gas.
Rupert looks as sick as possible!
Rupert yells loudly at you.
You barely resist.
Ahhotep hits the orc knight but does no damage.
Ahhotep drains the orc knight.
Ahhotep casts a spell at the orc knight.
The orc knight seems to slow down.
You closely miss the orc warlord.
You headbutt the orc warlord, but do no damage.
Rupert looks as sick as possible!
The orc warlord is engulfed in poison gas.
The orc warlord looks as sick as possible!
The orc warlord hits you with a +3 dire flail!!
* * * LOW HITPOINT WARNING * * *
Something hits the fungus!!
The orc knight is engulfed in poison gas.
The orc knight looks even sicker.
Something hits the fungus!
The orc knight is engulfed in poison gas.
The orc knight looks even sicker.
The orc knight shoots a bolt.
The bolt closely misses you.
Rupert is engulfed in poison gas.
Rupert looks as sick as possible!
Unknown command.
You hit the orc warlord. You barely miss Rupert.
A nearby fungus withers and dies.
Ahhotep hits the orc knight with a +0 dagger of draining.
The orc warrior hits Ahhotep with a +0 glaive of freezing!
An orc warrior comes into view. It is wielding a +0 mace.
The orc warlord hits you with a +3 dire flail!
* * * LOW HITPOINT WARNING * * *
The orc knight is engulfed in poison gas.
The orc knight looks as sick as possible!
Rupert looks as sick as possible!
Rupert hits you with a +7 executioner's axe of venom!!
You die...

##.#.... #......^ ☼☼ ##○§.§○§..
#......#.§☼## #§☼.§°°§o.
#......##☼#○☼##°§°☼☼°○o.
....#.##.°.☼§°#.○.°oPRo☼
.........○§.○☼☼.§§§☼°○☼o.
.........○§.°.§.○°§§§§§○..
..##...#.§°○°.☼§§@☼§°§§○.. .
##...)...☼☼°○○☼°@o☼§§○○§... #)
#........○§○§☼§.§§○§○§○§...####..
##)......☼§§○..○○°§°######.......
##.......☼.§☼§§☼.☼°###...###....#
#........☼☼○§§§§§☼§.##...##...###
#........○☼§§○§§§○§°###.###.### #
..^...#..§§§§○§°#°§§○##'#.[..####
#.#......§○○.☼.°.§☼○§°.......#.#.
...............)..........o.)...#


You could see the friendly Ahhotep the hexer, Rupert (fast, extremely poisoned),
an orc warlord (strong, extremely poisoned), 2 orc knights and 3 orc warriors.

Vanquished Creatures
  4 orc high priests (Orc:2)
  Pikel (D:6)
  The ghost of nroviw the Fighter, a novice DsWn of Kikubaaqudgha (D:6)
  3 orc knights
  2 orc sorcerers (Orc:2)
  A cyclops (Orc:2)
  2 yaks (D:9)
  A warg (Orc:2)
  9 orc warriors
  2 black bears
  An ogre (Orc:1)
  A phantom (D:5)
  2 bullfrogs (D:6)
  2 scorpions (D:5)
  4 wights (D:8)
  7 killer bees
  An electric eel (D:7)
  2 howler monkeys
  4 hounds
  7 orc priests
  Natasha (twice) (D:2)
  A sleepcap (D:4)
  11 orc wizards
  6 gnolls
  6 adders
  A shadow imp (D:5)
  A white imp (D:7)
  2 worms
  A dart slug (D:1)
  44 orcs
  6 bats
  6 endoplasms
  3 giant cockroaches
  7 goblins
  11 hobgoblins
  3 jackals (D:3)
  4 quokkas
  15 ball pythons
  3 frilled lizards
  16 kobolds
  9 rats
215 creatures vanquished.

Vanquished Creatures (collateral kills)
  An ogre mage (D:8)
  An orc high priest (Orc:2)
  Maggie (D:6)
  A yak (D:9)
  3 steam dragons
  Menkaure (D:4)
  A warg (Orc:1)
  8 orc warriors
  5 ogres
  A kobold brigand (D:9)
  2 bullfrogs
  A gnoll sergeant (D:7)
  A scorpion (D:5)
  A wight (D:8)
  5 killer bees (D:8)
  An electric eel (D:7)
  2 jellies
  9 orc priests
  3 hounds
  A gnoll bouda (D:7)
  3 iguanas
  Jessica (D:2)
  2 orc wizards (D:4)
  A sleepcap (D:4)
  Terence (D:2)
  5 gnolls
  3 adders
  2 white imps (D:7)
  2 worms (D:3)
  A dart slug (D:5)
  12 orcs
  A bat (D:2)
  A giant cockroach (D:2)
  2 hobgoblins
  2 jackals (D:3)
  4 kobolds (D:9)
  2 quokkas (D:4)
94 creatures vanquished.

Vanquished Creatures (others)
  9 hexers
9 creatures vanquished.

Grand Total: 318 creatures vanquished

Notes
Turn   | Place    | Note
-------+----------+-------------------------------------------
     0 | D:1      | Pooter the Minotaur Monk began the quest for the Orb.
     0 | D:1      | Reached XP level 1. HP: 19/19 MP: 0/0
    87 | D:1      | Reached skill level 4 in Axes
   111 | D:1      | Reached XP level 2. HP: 27/27 MP: 1/1
   564 | D:1      | Found a faded altar of an unknown god.
   569 | D:1      | Reached XP level 3. HP: 32/33 MP: 2/2
   576 | D:1      | Prayed at the altar of an unknown god.
   576 | D:1      | Became a worshipper of Hepliaklqana the Forgotten
   576 | D:1      | Reached * piety under Hepliaklqana
   576 | D:1      | Reached ** piety under Hepliaklqana
   577 | D:1      | Remembered your ancestor Ahhotep as a hexer
   720 | D:2      | Reached *** piety under Hepliaklqana
   797 | D:2      | Noticed Jessica
   800 | D:2      | Killed Jessica
   801 | D:2      | Reached skill level 5 in Axes
   801 | D:2      | Reached XP level 4. HP: 36/36 MP: 3/3
   962 | D:2      | Reached skill level 1 in Invocations
  1036 | D:2      | Noticed Terence
  1040 | D:2      | Killed Terence
  1183 | D:2      | Noticed Natasha
  1197 | D:2      | Killed Natasha
  1198 | D:2      | Reached skill level 1 in Ranged Weapons
  1198 | D:2      | Reached XP level 5. HP: 35/42 MP: 3/5
  1386 | D:2      | Noticed Natasha
  1394 | D:2      | Killed Natasha
  1642 | D:3      | Reached **** piety under Hepliaklqana
  1738 | D:3      | Reached XP level 6. HP: 49/49 MP: 6/6
  1769 | D:3      | Reached skill level 6 in Axes
  2045 | D:3      | Reached skill level 5 in Fighting
  2645 | D:4      | Found a shimmering blue altar of Sif Muna.
  2832 | D:4      | Reached XP level 7. HP: 53/54 MP: 7/7
  2958 | D:4      | Found a runed translucent gate.
  2958 | D:4      | Found a runed translucent gate.
  2958 | D:4      | Found a runed translucent gate.
  2959 | D:4      | Noticed Persephone's ghost (novice GrFi)
  3283 | D:4      | Noticed Menkaure
  3289 | D:4      | Killed Menkaure
  3290 | D:4      | Reached skill level 7 in Axes
  3622 | D:5      | Entered Level 5 of the Dungeon
  3695 | D:5      | Identified the +2 mace of the Sufficient God {freeze,
                  | Str+4}
  3831 | D:5      | Reached skill level 5 in Ranged Weapons
  3831 | D:5      | Reached XP level 8. HP: 63/63 MP: 9/9
  3844 | D:5      | Reached ***** piety under Hepliaklqana
  3857 | D:5      | Reached skill level 8 in Axes
  4355 | D:6      | Noticed Pikel
  4358 | D:6      | Killed Pikel
  4359 | D:6      | Reached skill level 9 in Axes
  4371 | D:6      | Reached XP level 9. HP: 61/70 MP: 11/11
  4407 | D:6      | Noticed Maggie
  4423 | D:6      | Killed Maggie
  4738 | D:6      | Got the Atlas of Snow-white Conflagration
  4812 | D:6      | Reached skill level 10 in Axes
  4826 | D:6      | Reached skill level 5 in Invocations
  4976 | D:6      | Found a runed translucent door.
  4977 | D:6      | Noticed nroviw's ghost (novice DsWn)
  5162 | D:6      | Killed nroviw's ghost
  5231 | D:7      | Found a staircase to the Ecumenical Temple.
  5572 | D:7      | Reached XP level 10. HP: 59/79 MP: 13/13
  6430 | D:8      | Found a hide-covered altar of Uskayaw.
  6461 | D:8      | Found a staircase to the Lair.
  6752 | D:8      | Reached skill level 11 in Axes
  7082 | D:8      | Noticed an ogre mage
  7086 | D:8      | Killed an ogre mage
  7187 | D:9      | Found a large runed translucent door.
  7188 | D:9      | Found a large runed translucent door.
  7189 | D:9      | Noticed LobsterGuardian's ghost (journeyman OgCA)
  7368 | D:9      | Found a staircase to the Orcish Mines.
  7380 | Orc:1    | Entered Level 1 of the Orcish Mines
  7670 | Orc:1    | Reached skill level 12 in Axes
  7680 | Orc:1    | Reached skill level 10 in Ranged Weapons
  8288 | Orc:2    | Entered Level 2 of the Orcish Mines
  8475 | Orc:2    | Found Tiod's Antique Weapon Shop.
  8481 | Orc:2    | Found a staircase to the Elven Halls.
  8483 | Orc:2    | Bought a glowing war axe for 188 gold pieces
  9057 | Orc:2    | Noticed an orc sorcerer
  9062 | Orc:2    | Killed an orc sorcerer
  9166 | Orc:2    | Noticed an orc high priest
  9170 | Orc:2    | Killed an orc high priest
  9171 | Orc:2    | Reached XP level 11. HP: 87/87 MP: 15/15
 10709 | Orc:2    | Noticed an orc sorcerer
 10713 | Orc:2    | Killed an orc sorcerer
 11226 | Orc:2    | Noticed an orc knight
 11331 | Orc:1    | Killed an orc knight
 11332 | Orc:1    | Reached skill level 13 in Axes
 11582 | Orc:2    | Noticed an orc knight
 11656 | Orc:1    | Killed an orc knight
 11744 | Orc:2    | Noticed an orc high priest
 11745 | Orc:2    | Noticed an orc high priest
 12178 | Orc:2    | Killed an orc high priest
 12182 | Orc:2    | Killed an orc high priest
 12228 | Orc:2    | Found Vuosoune's Jewellery Shoppe.
 12232 | Orc:2    | Noticed an orc knight
 12243 | Orc:2    | Killed an orc knight
 12399 | Orc:2    | Bought the ring "Moelueso" {rElec rF+ rCorr SInv} for 768
                  | gold pieces
 12460 | Orc:2    | Noticed an orc sorcerer
 12461 | Orc:2    | Noticed an orc high priest
 12612 | Orc:2    | Reached skill level 10 in Fighting
 12641 | Orc:2    | Killed an orc high priest
 12717 | Orc:2    | Noticed an orc knight
 12717 | Orc:2    | Noticed an orc high priest
 12717 | Orc:2    | Noticed an orc knight
 12718 | Orc:2    | Noticed an orc warlord
 12720 | Orc:2    | Noticed Rupert
 12725 | Orc:2    | Killed an orc high priest
 12727 | Orc:2    | Annihilated by Rupert

Illustrated notes

Levels and vault maps discovered:
D:1:      lemuel_arrival_hallway, layout_loops_cross,
          nicolae_ecumenical_snake_handling
D:2:      cheibrodos_old_hovel, layout_loops_cross,
          nicolae_elevator_lobby_asterisk, uniq_terence, uniq_jessica,
          uniq_natasha
D:3:      minmay_thinvault, layout_loops_ring, grunt_decor_mini_mirrors
D:4:      minmay_evil_eye, layout_basic, nicolae_sif_muna_little_library,
          serial_forest, infiniplex_forest_end_1, infiniplex_forest_lined_2,
          infiniplex_forest_lined_corner, infiniplex_forest_clump_large,
          infiniplex_forest_zigzag_2, infiniplex_forest_lined_room_2,
          infiniplex_forest_clump_tiny, infiniplex_forest_zigzag_2,
          gammafunk_ghost_necromancy, corexii_hall_statues_l,
          kennysheep_generic_room_12, uniq_menkaure
D:5:      layout_basic, kennysheep_generic_room_2
D:6:      layout_basic, gammafunk_ghost_grave, chequers_serial_rivers_micro_a,
          hangedman_decor_peaks_small, uniq_maggie, uniq_pikel
D:7:      layout_rooms, minmay_temple_entry_waves, serial_bayou_ford_a
D:8:      layout_rooms, mainiacjoe_overflow_brackets, lair_entry_dummy,
          kennysheep_just_a_vault
D:9:      minmay_the_grid_3x3 [minmay_the_grid_dragon_a,
          minmay_the_grid_minigrid_large, minmay_the_grid_tiny_cups,
          minmay_the_grid_garden, minmay_the_grid_broken_lines,
          minmay_the_grid_aliased_spiral, minmay_the_grid_paths,
          minmay_the_grid_odd_star, minmay_the_grid_prize_diamond_cup],
          layout_irregular_city, slow_altar_2, orc_0_dummy,
          ebering_ghost_disaster_area, hellmonk_guarded_unrand_gyre_and_gimble
Orc:1:    layout_caves
Orc:2:    grunt_orc_gardens, layout_caves, grunt_orc_garden, grunt_orc_garden,
          grunt_orc_garden, grunt_orc_garden, mines2_lemuel, uniq_rupert

Skill      XL: |  1  2  3  4  5  6  7  8  9 10 11 |
---------------+----------------------------------+-----
Axes           | 4 5 6 7 9 10 12 13 | 13.8
Fighting       | 4 5 6 8 9 10 | 10.1
Invocations    | 1 2 3 4 5 6 7 |  7.7
Ranged Weapons | 1 2 3 5 6 8 10 11 | 11.8
Dodging        | |  3.7

Action                     |  1- 3 |  4- 6 |  7- 9 | 10-12 || total
---------------------------+-------+-------+-------+-------++-------
  Melee: Hand axe          |    63 |    29 |       |       ||    92
         Headbutt          |    17 |     9 |    13 |    16 ||    55
         War axe           |       |    39 |    57 |    63 ||   159
   Fire: Sling             |       |   105 |    97 |       ||   202
         Shortbow          |       |       |    57 |   104 ||   161
         Arbalest          |       |       |       |   106 ||   106
  Throw: Dart              |     5 |       |    16 |     3 ||    24
         Javelin           |       |    10 |     9 |       ||    19
         Stone             |       |     3 |       |       ||     3
 Invoke: Ancestor Life: He |     1 |       |       |       ||     1
         Recall Ancestor   |       |       |       |     1 ||     1
  Evoke: Wand              |       |       |       |     2 ||     2
    Use: Scroll            |       |    13 |     1 |     8 ||    22
   Stab: Confused          |       |     1 |     1 |     3 ||     5
         Distracted        |       |       |     1 |       ||     1
 Armour: Robe              |    10 |       |       |       ||    10
         Ring mail         |    11 |    32 |     2 |     6 ||    51
         Chain mail        |       |       |     6 |     6 ||    12
  Dodge: Dodged            |    44 |    42 |    39 |    80 ||   205
